 Dungeon Crawl Stone Soup version 0.28.0-47-ge53b351184 (webtiles) character file.

Game seed: 15245082955058598373

176 klau3 the Slasher (level 5, -5/47 HPs)
             Began as a Minotaur Berserker on May 3, 2022.
             Was a Priest of Trog.
             Killed by nerve-wracking pain
             ... invoked by an orc priest
              (7 damage)
             ... on level 3 of the Dungeon.
             The game lasted 00:06:34 (2572 turns).

klau3 the Slasher (Minotaur Berserker)              Turns: 2572, Time: 00:06:35

Health: -5/47      AC:  5    Str: 30    XL:     5   Next: 30%
Magic:  4/4        EV: 11    Int:  4    God:    Trog [***...]
Gold:   60         SH:  0    Dex:  9    Spells: 4/4 levels left

rFire   . . .      SeeInvis .   a - +0 falchion
rCold   . . .      Faith    .   (no shield)
rNeg    . . .      Spirit   .   n - +0 ring mail
rPois   .          Reflect  .   (helmet restricted)
rElec   .          Harm     .   (no cloak)
rCorr   .          Rampage  .   (no gloves)
Will    .....                   (no boots)
Stlth   +.........              (no amulet)
HPRegen 0.15/turn               d - +6 ring of strength
MPRegen 0.09/turn               (no ring)

@: no status effects
A: horns 2, retaliatory headbutt
a: Renounce Religion, Berserk, Trog's Hand


You were on level 3 of the Dungeon.
You worshipped Trog.
Trog was most pleased with you.
You visited 1 branch of the dungeon, and saw 3 of its levels.

You collected 60 gold pieces.

Inventory:

Hand Weapons
 a - a +0 falchion (weapon)
Missiles
 e - 27 arrows
 g - 3 poisoned darts (quivered)
 j - a throwing net
 p - 6 curare-tipped darts
Armour
 b - a +0 animal skin
 n - a +0 ring mail (worn)
Jewellery
 d - a +6 ring of strength (left hand)
Wands
 o - a wand of flame (23)
Scrolls
 c - a scroll of identify {unknown}
 l - a scroll of enchant armour {unknown}
 m - a scroll of teleportation {unknown}
Potions
 f - a potion of mutation {unknown}
 h - 2 potions of lignification {unknown}
 i - 2 potions of curing {unknown}
 k - a potion of heal wounds {unknown}
 q - a potion of attraction {unknown}


   Skills:
 + Level 4.7 Fighting
 + Level 5.7 Long Blades
 + Level 2.7 Armour
 + Level 3.1 Dodging
 + Level 0.9 Stealth


You had 4 spell levels left.
You didn't know any spells.
Your spell library contained the following spells:

 Spells                   Type           Power      Damage    Failure   Level
 Ozocubu's Armour         Ice            0%         N/A       94%         3
 Ozocubu's Refrigeration  Ice            0%         4d5       100%        7


Dungeon Overview and Level Annotations

Branches:
Dungeon (3/15)

Altars:


Innate Abilities, Weirdness & Mutations

You have a pair of horns on your head.
You reflexively headbutt those who attack you in melee.


Message History

The orc wizard is heavily wounded.
The orc wizard barely misses you. x2
The orc priest hits you but does no damage. x2
You miss the orc wizard.
The orc wizard is heavily wounded.
The orc wizard hits you with a +0 dagger.
The orc wizard gestures at you while chanting.
You resist with some effort. The orc priest closely misses you.
The orc priest hits you but does no damage.
You barely miss the orc priest. You headbutt the orc priest!
The orc priest is heavily wounded.
The orc wizard casts a spell at you. The magic dart hits you!
* * * LOW HITPOINT WARNING * * *
The orc wizard hits you with a +0 dagger.
* * * LOW HITPOINT WARNING * * *
The orc priest hits you but does no damage.
You are too confused!
You bump into the rock wall.
You feel less confused. The orc wizard barely misses you.
You furiously retaliate!
You headbutt the orc wizard. The orc wizard misses you.
The orc priest hits you with a +0 whip.
* * * LOW HITPOINT WARNING * * *
You slash the orc wizard!
You kill the orc wizard!
Trog accepts your kill.
Trog appreciates your killing of a magic user.
The orc hits you but does no damage. The orc wizard closely misses you.
The orc priest hits you but does no damage.
You slash the orc wizard!
The orc wizard is heavily wounded.
The orc hits you but does no damage. x2
The orc priest calls upon Beogh to heal the orc priest.
The orc priest is healed somewhat.
The orc wizard hits you with a +0 dagger.
* * * LOW HITPOINT WARNING * * *
The orc priest mumbles some strange prayers to Beogh against you.
Pain shoots through your body!
You die...

##.... ..... #[..#
##...# ....# #..# #oo#
#o.# ##############o@#
#............†oo######.
##.
##.############....o...
.. #...# ########## #.
###.# #.......# #. #.#
#####.......# #. #.#
#...'.......# #. #.#
#.###.......# #.
#.#####.# #.......# #.


You could see 3 orc priests, an orc wizard and 2 orcs.

Vanquished Creatures
  2 orc wizards (D:3)
  3 adders
  3 gnolls (D:3)
  A worm (D:2)
  A dart slug (D:1)
  An orc (D:3)
  9 ball pythons
  4 endoplasms
  3 giant cockroaches
  7 goblins
  12 hobgoblins
  3 quokkas
  3 bats
  4 frilled lizards
  A kobold (D:1)
  4 rats (D:1)
61 creatures vanquished.

Notes
Turn   | Place    | Note
-------+----------+-------------------------------------------
     0 | D:1      | klau3 the Minotaur Berserker began the quest for the Orb.
     0 | D:1      | Reached XP level 1. HP: 19/19 MP: 0/0
     6 | D:1      | Noticed a komodo dragon
     6 | D:1      | Noticed a tyrant leech
     6 | D:1      | Noticed a ragged hierophant
     7 | D:1      | Noticed an ettin
   351 | D:1      | Reached skill level 4 in Long Blades
   491 | D:1      | Reached XP level 2. HP: 27/27 MP: 1/1
   647 | D:1      | Reached ** piety under Trog
   873 | D:1      | Reached XP level 3. HP: 32/33 MP: 2/2
   959 | D:1      | Found a faded altar of an unknown god.
  1514 | D:2      | Reached XP level 4. HP: 34/41 MP: 3/3
  1621 | D:2      | Reached skill level 5 in Long Blades
  2238 | D:3      | Reached XP level 5. HP: 22/47 MP: 4/4
  2571 | D:3      | Reached *** piety under Trog
  2572 | D:3      | HP: 2/47 [orc wizard/+0 dagger (3)]
  2572 | D:3      | Killed from afar by an orc priest

Illustrated notes

Levels and vault maps discovered:
D:1:      onia_arrival_zoo_common, layout_basic, ebering_ecumenical_altar_hall,
          minmay_pentomino_z4
D:2:      layout_loops_ring
D:3:      layout_basic, demons_altar

Skill      XL: |  1  2  3  4 |
---------------+-------------+-----
Long Blades    | 4 5 |  5.7
Fighting       | 4 |  4.7
Dodging        | 3 |  3.1
Armour         | |  2.7
Stealth        | |  0.9

Action                   |  1- 3 |  4- 6 || total
-------------------------+-------+-------++-------
Melee: Falchion          |    63 |    43 ||   106
       Headbutt          |     7 |     4 ||    11
       Punch             |     1 |     1 ||     2
Throw: Dart              |       |     1 ||     1
Armor: Animal skin       |    10 |     1 ||    11
       Ring mail         |       |    17 ||    17
Dodge: Dodged            |    58 |    32 ||    90
